 Dungeon Crawl Stone Soup version 0.27-a0-1595-g0b823d0a13 (webtiles) character file.

Game seed: 11499027540788663258

1496 HAL9000 the Slicer (level 8, -15/39 HPs)
             Began as a Vine Stalker Brigand on July 20, 2021.
             Demolished by a two-headed ogre (22 damage)
             ... on level 5 of the Dungeon.
             The game lasted 00:08:20 (4538 turns).

HAL9000 the Slicer (Vine Stalker Brigand)           Turns: 4538, Time: 00:08:21

Health: -15/39     AC:  9    Str: 14    XL:     8   Next: 81%
Magic:  0/9        EV: 11    Int: 12    God:
Gold:   245        SH:  0    Dex: 17    Spells: 7/7 levels left

rFire    . . .     SeeInvis .   a - +2 dagger (spect)
rCold    . . .     Faith    .   (no shield)
rNeg     . . .     Spirit   +   v - +1 leather armour of Ighorphao {Slay+2}
rPois    .         Reflect  .   m - +1 helmet
rElec    .         Harm     .   c - +0 cloak
rCorr    .         Rampage  .   k - +0 pair of gloves
Will     +....                  n - +0 pair of boots
Stlth    +++.......             (no amulet)
HPRegen  1.13/turn              j - ring of wizardry
MPRegen  0.11/turn              (no ring)

@: no status effects
A: fangs 3, regeneration 1, magic shield, antimagic bite, no potion heal 2
a: no special abilities


You were on level 5 of the Dungeon.
You visited 1 branch of the dungeon, and saw 5 of its levels.

You collected 245 gold pieces.

Inventory:

Hand Weapons
 a - a +2 spectral dagger (weapon)
Missiles
 r - 7 boomerangs (quivered)
Armour
 b - a +0 robe
 c - a +0 cloak (worn)
 k - a +0 pair of gloves (worn)
 m - a +1 helmet (worn)
 n - a +0 pair of boots (worn)
 v - the +1 leather armour of Ighorphao (worn) {Slay+2}
   (You found it on level 4 of the Dungeon)

   Slay:      It affects your accuracy & damage with ranged weapons and melee
   (+2).
Jewellery
 j - a ring of wizardry (left hand)
Scrolls
 g - 2 scrolls of teleportation
 i - a scroll of immolation
 l - a scroll of enchant armour
 s - a scroll of blinking
Potions
 f - a potion of attraction {unknown}
 o - a potion of degeneration {unknown}
 p - 4 potions of curing {unknown}
 q - a potion of heal wounds {unknown}
 w - a potion of magic {unknown}


   Skills:
 + Level 2.3 Fighting
 + Level 8.3 Short Blades
 - Level 4.1 Throwing
 - Level 0.7 Dodging
 - Level 7.0 Stealth


You had 7 spell levels left.
You didn't know any spells.
Your spell library contained the following spells:

 Spells                   Type           Power      Damage    Failure   Level
 Animate Skeleton         Necr           0%         N/A       16%         1
 Pain                     Necr           0%         1d4       16%         1
 Passwall                 Tmut/Erth      0%         N/A       26%         2
 Dazzling Flash           Conj/Hex       0%         N/A       43%         3
 Gell's Gravitas          Tloc           0%         N/A       43%         3
 Swiftness                Air            0%         N/A       43%         3
 Teleport Other           Tloc           0%         N/A       43%         3
 Vampiric Draining        Necr           0%         2d6       43%         3
 Agony                    Necr           0%         N/A       98%         5
 Silence                  Hex/Air        0%         N/A       98%         5
 Dispersal                Tloc           0%         N/A       100%        6
 Invisibility             Hex            0%         N/A       100%        6


Dungeon Overview and Level Annotations

Branches:
Dungeon (5/15)
 Temple: D:4-7

Altars:

Shops:
D:2 (


Innate Abilities, Weirdness & Mutations

You have razor-sharp teeth.
Your natural rate of healing is unusually fast.
When hurt, damage is shared between your health and your magic reserves.
Your bite disrupts and absorbs the magic of your enemies.
Potions cannot restore your health.


Message History

Aim: a two-headed ogre, wielding two +0 giant clubs (lightly wounded, very poisoned, 78% to hit)
You throw a poisoned dart.
The poisoned dart hits the two-headed ogre!
The two-headed ogre looks as sick as possible!
The two-headed ogre is lightly wounded.
Throw: 2 darts (poison)
Press: ? - help, Q - select action, (/) - cycle Shift-Dir - straight line, f/p - two-headed ogre
Aim: a two-headed ogre, wielding two +0 giant clubs (lightly wounded, extremely poisoned, 78% to hit)
You throw a poisoned dart.
The poisoned dart hits the two-headed ogre!
The two-headed ogre looks as sick as possible!
The two-headed ogre is lightly wounded.
Throw: dart (poison)
Press: ? - help, Q - select action, (/) - cycle Shift-Dir - straight line, f/p - two-headed ogre
Aim: a two-headed ogre, wielding two +0 giant clubs (lightly wounded, extremely poisoned, 78% to hit)
You throw a poisoned dart.
The poisoned dart hits the two-headed ogre.
The two-headed ogre looks as sick as possible!
The two-headed ogre is lightly wounded.
There is an open door here.
Throw: 7 boomerangs
Press: ? - help, Q - select action Shift-Dir - straight line, f/p - two-headed ogre
Aim: a two-headed ogre, wielding two +0 giant clubs (moderately wounded, extremely poisoned, 78% to hit)
You throw a boomerang. The boomerang hits the two-headed ogre!
The two-headed ogre is moderately wounded.
You hit the two-headed ogre. You bite the two-headed ogre. You drain its power.
The two-headed ogre is heavily wounded.
Your spectral +2 spectral dagger hits the two-headed ogre.
The two-headed ogre hits you with a +0 giant club!! x2
* * * LOW HITPOINT WARNING * * *
Unknown command.
You barely miss the two-headed ogre. Your bite misses the two-headed ogre.
The two-headed ogre is severely wounded.
Your spectral +2 spectral dagger hits the two-headed ogre.
You hit the two-headed ogre.
The two-headed ogre is severely wounded.
Your spectral +2 spectral dagger hits the two-headed ogre.
The two-headed ogre hits you with a +0 giant club!!
Ouch! That really hurt!
You die...

####
#........#.....'...#.......
........(#.....#)..#.......
##...##..(#.....#...#.......
.. #..(#.....#...#.......
#..(#.....#...#(......
#...#.....#...######+#
#...#.....#...........
#...O(....#...........
#...#@....#...........
+...#.....#...........
#..##.....#...##.....#
#+##......######.....#
#......'....#.....#
#......#....#......
#.....<#....'......
#......#...##.....#
#......######.....#


You could see a two-headed ogre (extremely poisoned) and a friendly spectral +2
spectral dagger (summoned).

Vanquished Creatures
  Eustachio (D:4)
  Duvessa (D:4)
  3 sky beasts
  A black bear (D:5)
  An ice beast (D:5)
  A necrophage (D:4)
  2 ogres
  A phantom (D:5)
  Dowan (D:4)
  A bullfrog skeleton (D:4)
  A centaur skeleton (D:5)
  A jelly (D:5)
  2 orc wizards
  2 iguanas (D:4)
  6 gnolls
  4 adders
  A shadow imp (D:3)
  A white imp (D:5)
  An ufetubus (D:5)
  An adder skeleton (D:4)
  A worm (D:3)
  2 dart slugs (D:3)
  10 orcs
  3 bats
  6 endoplasms
  4 giant cockroaches
  6 goblins
  6 hobgoblins
  17 jackals
  2 quokkas
  7 ball pythons
  4 frilled lizards
  5 kobolds
  5 rats
111 creatures vanquished.

Notes
Turn   | Place    | Note
-------+----------+-------------------------------------------
     0 | D:1      | HAL9000 the Vine Stalker Brigand began the quest for the
                  | Orb.
     0 | D:1      | Reached XP level 1. HP: 11/11 MP: 2/2
   153 | D:1      | Reached XP level 2. HP: 15/15 MP: 3/3
   351 | D:1      | Found a faded altar of an unknown god.
   813 | D:1      | Reached XP level 3. HP: 18/18 MP: 4/4
  1012 | D:2      | Found Suiwuack's Antique Weapon Shoppe.
  1784 | D:3      | Gained mutation: Your natural rate of healing is unusually
                  | fast. [Vine Stalker growth]
  1784 | D:3      | Reached XP level 4. HP: 13/23 MP: 3/5
  2094 | D:3      | Reached skill level 2 in Short Blades
  2295 | D:4      | Noticed Eustachio
  2302 | D:4      | Killed Eustachio
  2303 | D:4      | Reached skill level 4 in Short Blades
  2303 | D:4      | Reached XP level 5. HP: 24/26 MP: 4/6
  2303 | D:4      | Reached XP level 6. HP: 28/30 MP: 4/7
  2341 | D:4      | Noticed Duvessa
  2646 | D:4      | Noticed Dowan
  2832 | D:4      | Noticed a sky beast
  2837 | D:4      | Killed a sky beast
  2838 | D:4      | Reached skill level 5 in Stealth
  2864 | D:4      | Noticed a necrophage
  2881 | D:4      | Killed a necrophage
  2882 | D:4      | Reached XP level 7. HP: 33/34 MP: 6/8
  2955 | D:4      | Identified the +1 leather armour of Ighorphao {Slay+2}
  3059 | D:4      | Reached skill level 5 in Short Blades
  3280 | D:4      | Killed Dowan
  3284 | D:5      | Entered Level 5 of the Dungeon
  3616 | D:5      | Reached skill level 6 in Short Blades
  3773 | D:4      | Killed Duvessa
  3774 | D:4      | Gained mutation: You have razor-sharp teeth. [Vine Stalker
                  | growth]
  3774 | D:4      | Reached XP level 8. HP: 38/38 MP: 9/9
  3910 | D:5      | Noticed a two-headed ogre
  4013 | D:5      | Reached skill level 7 in Short Blades
  4319 | D:5      | Reached skill level 8 in Short Blades
  4538 | D:5      | Demolished by a two-headed ogre

Illustrated notes

Levels and vault maps discovered:
D:1:      scummos_arrival_simple_crosswalls, layout_loops_ring,
          shapermc_ecumenical_altar_acropolis,
          amcnicky_mini_rare_corridor_liquid, patterned_corridor
D:2:      layout_basic, serial_shops, shop
D:3:      kb_forest_paths, layout_rooms
D:4:      layout_cave_pools, minmay_fractal_squares_5, uniq_eustachio,
          uniq_duvessa
D:5:      layout_gridville

Skill      XL: |  1  2  3  4  5  6  7  8 |
---------------+-------------------------+-----
Throwing       | 2 3 4 |  4.1
Short Blades   | 4 6 8 |  8.3
Stealth        | 6 7 |  7.0
Fighting       | 2 |  2.3
Dodging        | |  0.7

Action                   |  1- 3 |  4- 6 |  7- 9 || total
-------------------------+-------+-------+-------++-------
Melee: Dagger            |    82 |   138 |   139 ||   359
       Bite              |    17 |    46 |    42 ||   105
Throw: Dart              |     6 |    13 |    42 ||    61
       Boomerang         |       |       |     3 ||     3
  Use: Scroll            |       |       |     9 ||     9
 Stab: Sleeping          |    17 |     5 |     3 ||    25
Armor: Robe              |    20 |    44 |     1 ||    65
       Leather armour    |       |       |    31 ||    31
Dodge: Dodged            |    36 |    69 |    65 ||   170

Table legend: (Time is in decaauts)
 A = Elapsed time spent in this place.
 B = Non-inter-level travel time spent in this place.
 C = Inter-level travel time spent in this place.
 D = Time resting spent in this place.
 E = Time spent auto-exploring this place.
 F = Levels seen in this place.
 G = Mean time per level.
                   A        B        C        D        E       F      G
               +--------+--------+--------+--------+--------+-----+--------+
         Total |   4456 |   4317 |    139 |    705 |   2526 |   5 |  891.2 |
       Dungeon |   4456 |   4317 |    139 |    705 |   2526 |   5 |  891.2 |
               +--------+--------+--------+--------+--------+-----+--------+

Top non-repeatable levels by time:
     D:5: 1043 daAuts
     D:3: 1041 daAuts
     D:1: 948 daAuts
     D:4: 761 daAuts
     D:2: 661 daAuts
